 Dungeon Crawl Stone Soup version 0.22-a0-254-gaf95ca0 (webtiles) character file.

3 Amnesiac the Magician (level 1, 0/7 HPs)
             Began as a Felid Wizard on Mar 4, 2018.
             Killed from afar by a dart slug (4 damage)
             ... with a slug dart
             ... on level 1 of the Dungeon.
             The game lasted 00:01:00 (33 turns).

Amnesiac the Magician (Felid Wizard)                  Turns: 33, Time: 00:01:00

Health: 0/7        AC:  1    Str:  3    XL:     1   Next: 41%
Magic:  5/5        EV: 17    Int: 19    God:
Gold:   0          SH:  0    Dex: 14    Spells: 5/6 levels left
                                        Lives:  0   Deaths: 0

rFire    . . .     SeeInvis +   (weapon unavailable)
rCold    . . .     Gourm    .   (shield unavailable)
rNeg     . . .     Faith    .   (armour unavailable)
rPois    .         Spirit   .   (helmet unavailable)
rElec    .         Reflect  .   (cloak unavailable)
rCorr    .         Harm     .   (gloves unavailable)
MR       .....                  (boots unavailable)
Stlth    +++.......             (no amulet)
HPRegen  0.02/turn              (no ring)
MPRegen  0.09/turn              (no ring)

@: quick
A: very small, no armour, no weapons or thrown items, stealth, claws 1, fangs 3,
see invisible, carnivore, speed 1, shaggy fur 1, slow metabolism 1, sharp paws
a: no special abilities


You were on level 1 of the Dungeon.
You were not hungry.

You visited 1 branch of the dungeon, and saw 1 of its levels.

Inventory:

Comestibles
 b - a ration


   Skills:
 - Level 2.6 Dodging
 - Level 2.6 Stealth
 - Level 3.0 Spellcasting
 + Level 1.3 Conjurations
   Level 1.0 Summonings
   Level 1.5 Translocations


You had 5 spell levels left.
You knew the following spells:

 Your Spells              Type           Power        Failure   Level  Hunger
a - Magic Dart            Conj           #...         9%          1    None


Dungeon Overview and Level Annotations

Branches:
Dungeon (1/15)

Altars:


Innate Abilities, Weirdness & Mutations

You cannot wear armour.
You are incapable of wielding weapons or throwing items.
Your paws allow you to move quietly. (Stealth)
You have sharp claws.
You have razor-sharp teeth.
You have supernaturally acute eyesight. (SInv)
You are carnivorous and can eat meat at any time.
You cover ground quickly.
You are covered in fur. (AC +1)
You have a slow metabolism.
Your sharp claws are effective at attacking unaware monsters.


Message History

Will you be the one to retrieve the fabulous Orb of Zot from the depths?
Press ? for a list of commands and other information.
Found a staircase leading out of the dungeon.
There is a fountain of clear blue water here.
You open the large door.
There is a large open door here.
There is a large open door here.
Found a spear.
A bat, a giant cockroach and a goblin come into view.
The goblin shouts!
There are monsters nearby!
The bat hits you.
You scratch the bat but do no damage. The bat hits you but does no damage.
You scratch the bat but do no damage. The bat misses you.
A dart slug comes into view.
The bat barely misses you. The bat completely misses you.
The bat barely misses you. The bat misses you. The bat closely misses you.
There is a large open door here.
The bat misses you.
There is a large open door here.
You closely miss the bat. The bat completely misses you.
The bat hits you but does no damage.
You scratch the bat but do no damage. The bat hits you.
You barely miss the bat. The bat hits you but does no damage.
You scratch the bat.
You kill the bat!
Your Conjurations skill increases to level 1!
The giant cockroach completely misses you.
You scratch the giant cockroach.
The giant cockroach is severely wounded.
The giant cockroach barely misses you.
You scratch the giant cockroach but do no damage.
The giant cockroach is severely wounded.
The giant cockroach closely misses you.
You scratch the giant cockroach.
The giant cockroach is almost dead.
The giant cockroach barely misses you.
You scratch the giant cockroach but do no damage.
The giant cockroach is almost dead.
The giant cockroach barely misses you.
You scratch the giant cockroach.
You kill the giant cockroach!
You closely miss the goblin. The goblin misses you.
You closely miss the goblin. The goblin closely misses you.
You scratch the goblin.
The goblin is almost dead.
The goblin closely misses you.
You scratch the goblin.
You kill the goblin!
You scratch the dart slug but do no damage.
The dart slug bites you.
You scratch the dart slug.
The dart slug is lightly wounded.
You scratch the dart slug. You bite the dart slug.
The dart slug is moderately wounded.
The dart slug misses you.
You scratch the dart slug but do no damage.
The dart slug is moderately wounded.
The dart slug launches a dart at you. The slug dart hits you!
Ouch! That really hurt!
You die...

#### .....# ...
.....# #.#
###.....#
..##..###.......#
#.....8.........+
..##...##......#
##.##.......#
#w#..#######
#@#.. ##⌠##.
+⌠<⌠+. ##⌠##. #+#


You could see a dart slug.

Vanquished Creatures
  A giant cockroach (D:1)
  A goblin (D:1)
  A bat (D:1)
3 creatures vanquished.

Notes
Turn   | Place    | Note
-------+----------+-------------------------------------------
     0 | D:1      | Amnesiac the Felid Wizard began the quest for the Orb.
     0 | D:1      | Reached XP level 1. HP: 7/7 MP: 5/5
    20 | D:1      | Reached skill level 1 in Conjurations
    33 | D:1      | Killed from afar by a dart slug

Vault maps used:
D:1:      grunt_arrival_crossed_arrows, st_stairs_6, hangedman_decor_points,
          hex_tiny, dk_noncrumbling_4

Skill      XL: |  1 |
---------------+----+-----
Conjurations   | 1 |  1.3
Dodging        | |  2.6
Stealth        | |  2.6
Spellcasting   | |  3.0
Summonings     | |  1.0
Translocations | |  1.5

Action                   || total
-------------------------++-------
Melee: Unarmed           ||    19
       Bite              ||     1
Armor: Skin              ||     3
Dodge: Dodged            ||    17

Table legend:
 A = Spawn XP
 B = Non-spawn XP
 C = Spawn XP percentage of total XP
 D = Spawn monster count
 E = Non-spawn monster count
 F = Spawn count percentage of total count
 G = Total turns spent on level
                    A         B        C        D         E        F      G
               +---------+---------+-------+---------+---------+-------+---------
         Total |       0 |       5 |   0.0 |       0 |       3 |   0.0 |    33
               +---------+---------+-------+---------+---------+-------+---------
           D:1 |       0 |       5 |   0.0 |       0 |       3 |   0.0 |    33
               +---------+---------+-------+---------+---------+-------+---------
